Unix NetHack Version 3.7.0-71 Work-in-progress - last build Jan 31 2023 02:41:03 (7ba98a1283f2b7cec35fde026edb48fc825ab8ae,branch:master). Game began 2023-02-07 19:58:18, ended 2023-02-07 20:26:55. Gandelf, neutral male human Monk ---- ---- |..--- |..| ---- ---....--------..-------------- --..-- | --....... .d.@.................| --...>..| |........-----o.....----......#####.......| |.........-- |.....-- --^.....| --.....- --.........| -.....| |.......---- ----.. ---.....--- --.........-- - --..|.| --..--.--.^. |..|.| ---- -----.|---- ---|.| --..| |..| --.---...| |.-- |.......-- --<| --......-- |..- |.......-- ----|.-..- --......-- |..--.....| |.......| |.........-------- --....--- |...).......--...-- --.--- --......--........| --- --.--.----..|.|.-- ------ -------- Gandelf the Initiate St:14 Dx:18 Co:12 In:10 Wi:13 Ch:9 Neutral S:2515 Dlvl:4 $:207 HP:0(48) Pw:34(34) AC:0 Xp:6/512 T:3832 Fainting Stressed Latest messages: You already found a monster. Use 'm' prefix to force another search. The magic-absorbing blade scares the killer bee! You kill the killer bee! You climb up the stairs. You fall down the stairs. Please move the cursor to an unknown object. (For instructions type a '?') The magic-absorbing blade stuns the kobold shaman! You hit the kobold shaman. The kobold shaman turns to flee. The magic-absorbing blade scares the kobold shaman! You kill the kobold shaman! You are beginning to feel weak. You rebalance your load. Movement is difficult. You hit the floating eye! You are frozen by the floating eye's gaze! Abra misses the bat. Abra misses it. Abra misses the bat. Abra misses it. The Uruk-hai just misses! Abra misses it. Abra bites it. Abra eats a bat corpse. The Uruk-hai hits! The poisoned crude arrow hits the floating eye. The floating eye is killed! A poisoned crude arrow misses you. You are almost hit by a poisoned crude arrow. A poisoned crude arrow misses you. The Uruk-hai just misses! You hear a chugging sound. Something smells moldy. The Uruk-hai hits! The Uruk-hai hits! The Uruk-hai hits! The Uruk-hai hits! The Uruk-hai hits! The Uruk-hai hits! The Uruk-hai hits! The Uruk-hai misses! The Uruk-hai hits! The Uruk-hai hits! The Uruk-hai hits! You die... Do you want your possessions identified? [ynq] (y) y Do you want to see your attributes? [ynq] (y) y Do you want an account of creatures vanquished? [ynaq] (y) y Do you want to see your conduct and achievements? [ynq] (y) y Do you want to see the dungeon overview? [ynq] (y) y Inventory: Coins $ - 207 gold pieces Weapons P - 8 +0 arrows R - a +0 bow w - 26 +0 darts X - 8 +0 darts s - 3 blessed +1 daggers U - a +0 dagger n - 3 cursed -1 daggers G - a +0 elven dagger L - the rustproof +0 Magicbane (weapon in hand) V - a rusty +0 dwarvish short sword v - a cursed +0 long sword Armor H - an uncursed +0 dwarvish iron helm (being worn) a - an uncursed +2 pair of leather gloves (being worn) l - an uncursed +0 pair of iron shoes (being worn) e - an uncursed +0 dwarvish cloak o - an uncursed +0 dwarvish cloak B - an uncursed +0 dwarvish cloak Y - an uncursed +0 dwarvish cloak m - an uncursed +1 robe (being worn) Comestibles h - 7 uncursed apples j - an uncursed fortune cookie i - 7 uncursed oranges Scrolls y - a cursed scroll of destroy armor z - an uncursed scroll of food detection J - 2 uncursed scrolls of identify d - an uncursed scroll of light Spellbooks M - an uncursed spellbook of dig c - a blessed spellbook of healing Potions A - an uncursed potion of fruit juice S - an uncursed potion of object detection b - a cursed potion of object detection Q - an uncursed potion of restore ability E - an uncursed potion of see invisible f - 3 potions of holy water F - 8 uncursed potions of water Wands O - a wand of lightning (0:5) N - a wand of magic missile (0:2) k - a wand of opening (0:5) Tools D - a cursed brass lantern r - an uncursed mirror I - a cursed oil lamp (lit) p - a +0 pick-axe u - an uncursed tin whistle Gems/Stones Z - an uncursed amber stone T - 2 uncursed worthless pieces of blue glass q - an uncursed worthless piece of orange glass x - an uncursed worthless piece of red glass K - an uncursed worthless piece of violet glass W - an uncursed worthless piece of yellowish brown glass Gandelf the Monk's attributes: Background: You were an Initiate, a level 6 male human Monk. You were neutral, on a mission for Chih Sung-tzu who was opposed by Shan Lai Ching (lawful) and Huan Ti (chaotic). You were in the Gnomish Mines, on level 4. You entered the dungeon 3832 turns ago. There was a full moon in effect when your adventure ended. You had 512 experience points, 128 more were needed to attain level 7. Your score was 2515 before end-of-game adjustments. Basics: You had 0 out of 48 hit points. You had all 34 energy points (spell power). Your armor class was 0. Your wallet contained 207 zorkmids. Autopickup was on for '$?+!=/' plus thrown. Final Characteristics: Your strength was 14 (base:15, limit:18/100). Your dexterity was 18 (limit:18). Your constitution was 12 (limit:18). Your intelligence was 10 (limit:18). Your wisdom was 13 (limit:18). Your charisma was 9 (limit:18). Final Status: You were fainting due to starvation. You were stressed; movement was moderately slowed. You were wielding a dagger. You were unskilled in dagger and could have enhanced that. Final Attributes: You were piously aligned. You were magic-protected. You were sleep resistant. You were poison resistant. You saw invisible. You were stealthy. You were guarded. You were fast. You were lucky. You are dead. Miscellaneous: You never encountered a bones level. Total elapsed playing time was 28 minutes and 37 seconds. Major events: Turn 1: Gandelf the neutral male human Monk entered the dungeon 1169: attained the rank of Novice (level 3) 1282: was bestowed with Magicbane by Chih Sung-tzu 1509: entered the Gnomish Mines 2731: reached Mine Town 2855: attained the rank of Initiate (level 6) 3832: killed by an Uruk-hai, while frozen by a floating eye's gaze Vanquished creatures: a small mimic a bugbear a water nymph a rock piercer a rock mole a shrieker 3 gnome leaders 2 gnomish wizards a straw golem 2 floating eyes 5 dwarves a kobold shaman a monkey an iguana 3 killer bees 3 hobbits 2 large kobolds a hobgoblin 2 cave spiders a yellow mold 20 gnomes a gnome zombie 3 geckos 5 jackals a goblin 8 sewer rats 5 grid bugs a bat 6 lichens a kobold zombie 5 newts 90 creatures vanquished. No species were genocided or became extinct. Voluntary challenges: You followed a strict vegan diet. You read items or engraved 2 times. You never engraved Elbereth. You never genocided any monsters. You never polymorphed an object. You never changed form. You used no wishes. Achievements: You entered a shop. You attained the rank of Novice. You entered the Gnomish Mines. You entered Minetown. You entered a temple. You attained the rank of Initiate. The Dungeons of Doom: levels 1 to 4 Level 1: An altar to Chih Sung-tzu. Level 2: A potion shop, some fountains. Level 3: A weapon shop. Stairs down to The Gnomish Mines. Level 4: The Gnomish Mines: levels 4 to 6 Level 4: <- You were here. Final resting place for you, killed by an Uruk-hai, while frozen by a floating eye's gaze. Level 5: Level 6: Many shops, a temple, some fountains. Game over: ---------- / \ / REST \ / IN \ / PEACE \ / \ | Gandelf | | 207 Au | | killed by an | | Uruk-hai | | | | | | 2023 | *| * * * | * _________)/\\_//(\/(/\)/\//\/|_)_______ Goodbye Gandelf the Monk... You died in The Gnomish Mines on dungeon level 4 with 2495 points, and 207 pieces of gold, after 3832 moves. You were level 6 with a maximum of 48 hit points when you died.